 Dungeon Crawl Stone Soup version bcrawl-1.34.4 (webtiles) character file.

Game seed: 4431635051794881093

93403 Jango the Chiller (level 3, -1/27 HPs)
             Began as a Draconian Ice Elementalist on Nov 4, 2021.
             Killed from afar by Sigmund (7 damage)
             ... with a puff of flame
             ... on level 2 of the Dungeon.
             The game lasted 00:23:19 (2193 turns).

Jango the Chiller (Draconian Ice Elementalist)      Turns: 2193, Time: 00:23:19

Health: -1/27      AC:  6    Str: 10    XL:     3   Next: 67%
Magic:  4/6        EV: 12    Int: 16    God:
Gold:   64         SH:  0    Dex: 11    Spells: 4/7 levels left

rFire    . . .     SeeInvis .   g - +1 dagger
rCold    . . .     Gourm    .   (no shield)
rNeg     . . .     Faith    .   (armour unavailable)
rPois    .         Spirit   .   (helmet restricted)
rElec    .         Reflect  .   j - +0 cloak
rCorr    .         Harm     .   (no gloves)
MR       .....                  (no boots)
Stlth    ++........             (no amulet)
HPRegen  0.09/turn              (no ring)
MPRegen  0.10/turn              (no ring)

@: no status effects
A: unfitting armour, cold-blooded, AC +5
a: no special abilities


You were on level 2 of the Dungeon.
You were not hungry.

You visited 1 branch of the dungeon, and saw 2 of its levels.

You collected 64 gold pieces.

Inventory:

Hand Weapons
 c - a +0 dagger
 g - a +1 dagger (weapon)
 m - a cursed +0 dagger
Missiles
 o - 209 sling bullets
Armour
 d - a +0 leather armour
 j - a +0 cloak (worn)
 p - a +0 scale mail
Potions
 a - a potion of flight {unknown}
 f - a potion of haste {unknown}
 h - a potion of curing {unknown}
 l - a potion of berserk rage {unknown}
 n - a potion of might {unknown}
Comestibles
 e - a ration {!d}


   Skills:
 + Level 0.4 Fighting
 + Level 0.6 Short Blades
 + Level 2.2 Dodging
 + Level 2.0 Stealth
 + Level 0.1 Unarmed Combat
 + Level 2.5 Spellcasting
 + Level 1.0 Conjurations
 + Level 3.7 Ice Magic


You had 4 spell levels left.
You knew the following spells:

 Your Spells              Type           Power        Failure   Level  Hunger
a - Freeze                Ice            ##....       4%          1    None
b - Throw Frost           Conj/Ice       #.....       4%          2    ##.....

Your spell library contained the following spells:

 Spells                   Type           Power        Failure   Level  Hunger
 Ozocubu's Armour         Chrm/Ice       #.......     26%         3    ####...
 Throw Icicle             Conj/Ice       #.......     58%         4    ######.
 Ice Form                 Ice/Tmut       #.......     65%         4    ######.
 Summon Ice Beast         Ice/Summ       #.......     65%         4    ######.


Dungeon Overview and Level Annotations

Branches:
Dungeon (2/12)

Altars:
Wu Jian
The Shining One

Annotations:
D:2 Sigmund


Innate Abilities, Weirdness & Mutations

Your plain brown scales are hard. (AC +5)
You cannot fit into any form of body armour.
You are cold-blooded and may be slowed by cold attacks.


Message History

You hear some strange, mumbled words.
Something tries to affect you, but you resist.
Casting: Throw Frost (safe; 4% risk of failure)
Confirm with . or Enter, or press ? or * to list all spells.
You can't see any susceptible monsters within range! (Use Z to cast anyway.)
Casting: Throw Frost (safe; 4% risk of failure)
Confirm with . or Enter, or press ? or * to list all spells.
You don't know that spell.
Casting: Throw Frost (safe; 4% risk of failure)
Confirm with . or Enter, or press ? or * to list all spells.
Aiming: Throw Frost (safe; 4% risk of failure)
Press: ? - help, Shift-Dir - straight line, f - you That beam is likely to hit you.
Continue anyway?
The puff of frost hits you.
* * * LOW HITPOINT WARNING * * *
Something hits you.
* * * LOW HITPOINT WARNING * * *
A puff of flame appears from out of thin air!
The puff of flame hits you!
You die...

,,,,..[§≈........'.##@###......##
,,,,..)≈≈........'.##..####.##...
,,,,..⌠..⌠.......#..##...##.#*#..
,,,,......!....†.#........#.####.
,,,,......†......#..####.........
,,,,............##..# ##.).#....
*,,,...........##...####..†.###..
**,,..........##..>..........>.<#
,**,...)$....###@#.......########
,***........##..........##,,,,,**
.############{....#..........,,,,
...........†..).......#...≈≈.,,,,
.#######.......#####..#...≈≈.S**,
** ######### #.#........**,
#.#........,,, #....♣♣.._.,,,
#.#..♣*...,,**


There were no monsters in sight!

Vanquished Creatures
  An adder (D:2)
  2 oozes
  A worm (D:2)
  A dart slug (D:1)
  A leopard gecko (D:1)
  5 bats
  2 giant cockroaches
  6 hobgoblins
  2 jackals (D:1)
  2 kobolds
  A frilled lizard (D:1)
  5 rats
29 creatures vanquished.

Notes
Turn   | Place    | Note
-------+----------+-------------------------------------------
     0 | D:1      | Jango the Draconian Ice Elementalist began the quest for
                  | the Orb.
     0 | D:1      | Reached XP level 1. HP: 14/14 MP: 3/3
   177 | D:1      | Reached XP level 2. HP: 20/20 MP: 0/5
  1408 | D:1      | Learned a level 2 spell: Throw Frost
  1604 | D:2      | Reached XP level 3. HP: 19/26 MP: 6/6
  1755 | D:2      | Found a glowing golden altar of the Shining One.
  1845 | D:2      | Noticed Sigmund
  1946 | D:2      | Found an ornate altar of the Wu Jian Council.
  2193 | D:2      | Killed from afar by Sigmund

Skill      XL: |  1 |
---------------+----+-----
Dodging        | 2 |  2.2
Fighting       | |  0.4
Short Blades   | |  0.6
Stealth        | |  2.0
Unarmed Combat | |  0.1
Spellcasting   | |  2.5
Conjurations   | |  1.0
Ice Magic      | |  3.7

Action                   || total
-------------------------++-------
Melee: Unarmed           ||    22
       Tailslap          ||     7
       Dagger            ||    65
 Cast: Freeze            ||    16
       Throw Frost       ||    13
Evoke: Wand              ||     1
  Use: Scroll            ||     7
  Eat: Ration            ||     2
       Chunk             ||     1
Armor: Skin              ||    31
Dodge: Dodged            ||    69
